 Dungeon Crawl Stone Soup version 0.25-a0-185-g6cfeca75b2 (webtiles) character file.

Game seed: 1800699476415048052, levelgen mode: deterministic

91 Lanoc the Ruffian (level 4, -1/41 HPs)
             Began as a Troll Wizard on Nov 28, 2019.
             Was an Initiate of the Shining One.
             Slain by bmj180's ghost (14 damage)
             ... on level 3 of the Dungeon.
             The game lasted 00:03:30 (1352 turns).

Lanoc the Ruffian (Troll Wizard)                    Turns: 1352, Time: 00:03:31

Health: -1/41      AC:  6    Str: 15    XL:     4   Next: 34%
Magic:  6/6        EV: 15    Int: 14    God:    the Shining One [......]
Gold:   160        SH:  0    Dex: 14    Spells: 6/7 levels left

rFire    + . .     SeeInvis .     - Unarmed
rCold    + . .     Gourm    +   (no shield)
rNeg     . . .     Faith    .   a - +0 robe
rPois    +         Spirit   .   b - +0 hat
rElec    +         Reflect  .   (no cloak)
rCorr    +         Harm     .   (gloves unavailable)
MR       .....                  (boots unavailable)
Stlth    +.........             (no amulet)
HPRegen  0.53/turn              (no ring)
MPRegen  0.10/turn              (no ring)

@: agile, resistant, glowing
A: large, unfitting armour, claws 3, fast metabolism 3, gourmand, regeneration
1, shaggy fur 1, tough skin 3
a: Renounce Religion


You were on level 3 of the Dungeon.
You worshipped the Shining One.
The Shining One was noncommittal.
You were very full.

You visited 1 branch of the dungeon, and saw 3 of its levels.

You collected 160 gold pieces.

Inventory:

Armour
 a - a +0 robe (worn)
 b - a +0 hat (worn)
Scrolls
 c - 3 scrolls of remove curse {unknown}
 g - a scroll of enchant armour {unknown}
 h - a scroll of immolation {unknown}
 i - a scroll of fear {unknown}
 j - a scroll of teleportation {unknown}
 k - a scroll of amnesia {unknown}
 m - a scroll of blinking {unknown}
Potions
 e - a potion of resistance
 l - a potion of agility
Comestibles
 d - 10 rations


   Skills:
 + Level 1.4 Fighting
 + Level 2.3 Dodging
 - Level 1.0 Stealth
 * Level 2.7 Unarmed Combat
 - Level 2.0 Spellcasting
 - Level 0.6 Conjurations
   Level 0.6 Summonings
   Level 0.6 Translocations


You had 6 spell levels left.
You knew the following spells:

 Your Spells              Type           Power        Failure   Level  Hunger
a - Magic Dart            Conj           #...         19%         1    ##.....

Your spell library contained the following spells:

 Spells                   Type           Power        Failure   Level  Hunger
 Blink                    Tloc           N/A          28%         2    ###....
 Call Imp                 Summ           #.......     28%         2    ###....
 Slow                     Hex            #.......     34%         2    ###....
 Conjure Flame            Conj/Fire      #.......     54%         3    ####...
 Mephitic Cloud           Conj/Pois/Air  #.......     54%         3    ####...


Dungeon Overview and Level Annotations

Branches:
Dungeon (3/15)

Altars:
Yredelemnul
The Shining One

Annotations:
D:3 bmj180's ghost, amateur TrMo


Innate Abilities, Weirdness & Mutations

You are too large for most types of armour.
You have claws for hands.
Your metabolism is lightning-fast.
You like to eat raw meat.
Your natural rate of healing is unusually fast.
You are covered in fur. (AC +1)
You have extremely tough skin. (AC +3)


Message History

You feel protected. Bmj180's ghost hits you!
* * * LOW HITPOINT WARNING * * *
It was a potion of heal wounds.
You feel much better. Bmj180's ghost hits you.
It was a potion of agility.
You feel agile all of a sudden. Bmj180's ghost barely misses you.
You scratch bmj180's ghost.
Bmj180's ghost is moderately damaged.
Bmj180's ghost closely misses you.
You barely miss bmj180's ghost.
Bmj180's ghost is moderately damaged.
Bmj180's ghost hits you!
* * * LOW HITPOINT WARNING * * *
You scratch bmj180's ghost but do no damage.
Bmj180's ghost is moderately damaged.
You closely miss bmj180's ghost.
Bmj180's ghost is moderately damaged.
Bmj180's ghost hits you!
You die...

#..<..#.### .#
#$########.......> .
#...........#####. .
.....###..#.....>. # #.
#...##⌠##....##.#.
##.#.##..##...##..#.....
........##..!..##.....##
........W...♣..⌠#.......
.......@##..%..##..#####
.........##...##...#
..........##⌠##....#
...........###.....#
...............#####
......).....####
............#
#############


You could see bmj180's ghost.

Vanquished Creatures
  Natasha (D:2)
  An ooze (D:1)
  A worm (D:2)
  A dart slug (D:1)
  3 leopard geckos
  2 orcs (D:3)
  4 giant cockroaches
  6 goblins
  5 hobgoblins (D:1)
  A quokka (D:2)
  A ball python (D:1)
  10 bats
  4 frilled lizards
  5 kobolds
  11 rats
56 creatures vanquished.

Notes
Turn   | Place    | Note
-------+----------+-------------------------------------------
     0 | D:1      | Lanoc the Troll Wizard began the quest for the Orb.
     0 | D:1      | Reached XP level 1. HP: 16/16 MP: 2/2
    50 | D:1      | Reached skill level 1 in Unarmed Combat
    51 | D:1      | Reached XP level 2. HP: 20/26 MP: 4/4
   223 | D:1      | Reached XP level 3. HP: 31/32 MP: 5/5
   249 | D:1      | Reached skill level 1 in Fighting
   463 | D:1      | You fall into a shaft and drop 1 floor!
   535 | D:2      | Found a glowing golden altar of the Shining One.
   587 | D:2      | Became a worshipper of the Shining One
   967 | D:2      | Found a basalt altar of Yredelemnul.
  1018 | D:2      | Noticed Natasha
  1023 | D:2      | Killed Natasha
  1023 | D:2      | Reached XP level 4. HP: 24/41 MP: 6/6
  1316 | D:3      | Noticed bmj180's ghost (amateur TrMo)
  1326 | D:3      | Found a runed translucent door.
  1352 | D:3      | Slain by bmj180's ghost

Levels and vault maps discovered:
D:1:      sevenhm_arrival_forest_fort_small_6, layout_rooms, st_stairs_14,
          minmay_pentomino_s4
D:2:      layout_loops_ring, lemuel_doored_altar, tso_metal_star, uniq_natasha
D:3:      layout_rooms, first_ration, hellmonk_ghost_happy_afterlife

Skill      XL: |  1  2  3 |
---------------+----------+-----
Unarmed Combat | 1 2 |  2.7
Dodging        | 2 |  2.3
Fighting       | 1 |  1.4
Stealth        | |  1.0
Spellcasting   | |  2.0
Conjurations   | |  0.6
Summonings     | |  0.6
Translocations | |  0.6

Action                   |  1- 3 |  4- 6 || total
-------------------------+-------+-------++-------
Melee: Unarmed           |   135 |    45 ||   180
  Use: Potion            |       |     3 ||     3
 Stab: Sleeping          |     1 |       ||     1
  Eat: Chunk             |    12 |     5 ||    17
Armor: Robe              |    64 |    12 ||    76
Dodge: Dodged            |    97 |    17 ||   114

Table legend:
 A = Non-vault XP
 B = Vault XP
 C = Vault XP percentage of total XP
 D = Non-vault monster count
 E = Vault monster count
 F = Vault count percentage of total count
                 A         B        C        D         E       F
            +---------+---------+-------+---------+---------+-------
      Total |      89 |      42 |  32.1 |      51 |       5 |   8.9
            +---------+---------+-------+---------+---------+-------
        D:1 |      52 |       7 |  11.9 |      28 |       4 |  12.5
        D:2 |      21 |      35 |  62.5 |      14 |       1 |   6.7
        D:3 |      16 |       0 |   0.0 |       9 |       0 |   0.0
            +---------+---------+-------+---------+---------+-------
